 Dungeon Crawl Stone Soup version 0.30.0-29-ga12c61a403 (webtiles) character file.

Game seed: 18308511695236972024

9825 cdecastro the Transmogrifier (level 11, -3/81 (94) HPs)
             Began as a Grey Draconian Transmuter on June 19, 2023.
             Was a High Priest of Nemelex Xobeh.
             Slain by Rupert
             ... wielding a +2 great sword of draining
              (34 damage)
             ... on level 12 of the Dungeon.
             The game lasted 00:32:20 (12046 turns).

cdecastro the Transmogrifier (DrTm)                Turns: 12046, Time: 00:32:21

HP:   -3/81 (94)    AC: 15    Str: 13    XL:     11   Next: 28%
MP:   17/17         EV: 12    Int: 24    God:    Nemelex Xobeh [*****.]
Gold: 108           SH:  0    Dex: 13    Spells: 3/18 levels left

rFire   + .          .
                       - Unarmed
rCold   + . .        (no shield)
rNeg    . . .        (body armour unavailable)
rPois   +            (helmet restricted)
rElec   +            r - +1 cloak of the Dragon {Dex+2}
rCorr   +            (no gloves)
SInv    .            n - +0 pair of boots
Will    .....        k - amulet of faith
Stlth   +            m - +6 ring of intelligence
HPRegen 0.33/turn    (no ring)
MPRegen 0.15/turn

%: faith
@: resistant, on berserk cooldown, slowed, heavily drained, very slow
A: AC +12, amphibious, unfitting armour, cold-blooded
a: Renounce Religion, Draw Escape, Draw Destruction, Draw Summoning, Triple
Draw, Deal Four, Stack Five


You were on level 12 of the Dungeon.
You worshipped Nemelex Xobeh.
Nemelex Xobeh was extremely pleased with you.
You visited 2 branches of the dungeon, and saw 13 of its levels.

You collected 554 gold pieces.
You spent 446 gold pieces at shops.

Inventory:

Missiles
 x - a throwing net
Armour
 n - a +0 pair of boots (worn)
 r - the +1 cloak of the Dragon (worn) {Dex+2}
   (You found it on level 7 of the Dungeon)

   Dex:       It affects your dexterity (+2).
Magical Staves
 s - a staff of death
Jewellery
 i - a ring of fire
 k - an amulet of faith (around neck)
 m - a +6 ring of intelligence (left hand)
 E - an amulet of magic regeneration
 J - an amulet of regeneration
Wands
 v - a wand of paralysis (10)
 w - a wand of flame (37)
 D - a wand of mindburst (24)
 F - a wand of quicksilver (3)
 H - a wand of digging (7)
 M - a wand of iceblast (12)
Scrolls
 d - a scroll of teleportation
 f - 3 scrolls of vulnerability {unknown}
 h - 7 scrolls of enchant armour {unknown}
 j - a scroll of magic mapping {unknown}
 l - a scroll of poison
 y - a scroll of silence {unknown}
 B - 4 scrolls of immolation {unknown}
 C - 2 scrolls of blinking
 I - a scroll of acquirement {unknown}
 K - 2 scrolls of brand weapon {unknown}
 N - a scroll of fog
Potions
 a - a potion of lignification
 b - 4 potions of flight
 c - 6 potions of haste
 e - a potion of heal wounds
 g - 2 potions of might
 o - 3 potions of attraction
 p - 8 potions of curing
 q - 3 potions of mutation
 u - 3 potions of invisibility
 z - 2 potions of brilliance
 G - 4 potions of magic
 O - a potion of ambrosia {unknown}
Miscellaneous
 L - a box of beasts


   Skills:
 - Level 8.0 Fighting
 - Level 1.7 Dodging
 - Level 6.2 Unarmed Combat
 - Level 4.0 Spellcasting
 + Level 12.7 Transmutations
 + Level 8.4 Invocations


You had 3 spell levels left.
You knew the following spells:

 Your Spells              Type           Power      Damage    Failure   Level
a - Beastly Appendage     Tmut           100%       N/A       1%          1
b - Wereblood             Tmut           60%        N/A       1%          2
c - Spider Form           Tmut/Pois      35%        N/A       2%          3
d - Ice Form              Ice/Tmut       35%        N/A       7%          4
e - Yara's Violent Unrav  Hex/Tmut       17%        3d8       21%         5

Your spell library contained the following spells:

 Spells                   Type           Power      Damage    Failure   Level
 Cigotuvi's Dreadful Rot  Necr/Pois/Air  8%         N/A       14%         2
 Frozen Ramparts          Ice            8%         1d2       28%         3
 Inner Flame              Hex/Fire       4%         N/A       28%         3
 Portal Projectile        Hex/Tloc       8%         N/A       28%         3
 Stone Arrow              Conj/Erth      8%         3d7       28%         3
 Tukima's Dance           Hex            4%         N/A       28%         3
 Vhi's Electric Charge    Tloc/Air       8%         N/A       28%         3
 Blade Hands              Tmut           30%        N/A       1%          5
 Animate Dead             Necr           4%         N/A       67%         4
 Dispel Undead            Necr           4%         3d7       67%         4
 Summon Ice Beast         Ice/Summ       4%         N/A       67%         4
 Arcjolt                  Conj/Air       2%         1d12      95%         5
 Borgnjor's Vile Clutch   Necr/Erth      2%         N/A       95%         5
 Death Channel            Necr           2%         N/A       100%        6
 Plasma Beam              Fire/Air       2%         2x1d13    100%        6
 Enfeeble                 Hex            2%         N/A       100%        7
 Lehudib's Crystal Spear  Conj/Erth      2%         10d2      100%        8
 Animate Armour           Summ/Erth      Unusable   N/A       N/A         4

Dungeon Overview and Level Annotations

Branches:
Dungeon (12/15)            Temple (1/1) D:6            Lair (0/5) D:9
    Orc: D:9-12

Altars:
Ashenzari
Cheibriados
Dithmenos
Elyvilon
Fedhas
Gozag
Hepliaklqana
Kikubaaqudgha
Makhleb
Nemelex Xobeh
Okawaru
Qazlal
Ru
Sif Muna
Trog
Uskayaw
Vehumet
Wu Jian
Xom
Yredelemnul
Zin
The Shining One

Shops:
D:2 [   D:3 ?   D:5 (   D:6 :(*=   D:10 ?

Annotations:
D:8 vault need shatter
D:12 Frances, Rupert


Innate Abilities, Weirdness & Mutations

Your dull iron-grey scales are very hard. (AC +12)
You are amphibious.
You cannot fit into any form of body armour.
You are cold-blooded and may be slowed by cold attacks.


Message History

Press: ? - help, v - describe, . - travel
Here: Rupert, wielding a +2 great sword of draining and wearing a +0 chain mail The floor.
Unknown command.
Okay, then.
You are too confused!
Unknown command.
Unknown command.
Okay, then.
Unknown command.
It was a potion of resistance.
You feel protected.
Rupert roars madly and goes into a rage!
Rupert goes berserk!
It was a potion of berserk rage.
A red film seems to cover your vision as you go berserk!
You feel yourself moving faster!
You feel mighty!
Okay, then.
You are too berserk!
You're too confused to move!
You feel a strong urge to attack something.
Rupert hits you but does no damage.
You feel drained.
You feel your anger nearly subside.
Rupert hits you with a +2 great sword of draining!!!
You feel drained.
You're too confused to move!
You are no longer berserk.
You are exhausted.
You feel yourself slow down.
Rupert hits you with a +2 great sword of draining.
You feel drained.
You bump into the rock wall.
You feel less confused.
Rupert hits you with a +2 great sword of draining!!
* * * LOW HITPOINT WARNING * * *
You feel drained.
* * * LOW HITPOINT WARNING * * *
Rupert hits you with a +2 great sword of draining!!
You die...
Your body glows with a rainbow of weird colours and disappears.

########## ##################
#........####@........##......
#........##>'@###.###.##......
#........'..#.#.#...#.........
#..[.....####.#.#####.#......>
+........# #.#.#.....##......
#........# #.#.#.###.##......
#........# #.#...#...#######'
####'##### ###'####### #)
##..# #.# #< ####..## #.# ##.


You could see Rupert (berserk).

Vanquished Creatures
  3 two-headed ogres
  Pikel (D:6)
  2 cyclopes (D:11)
  An unseen horror (D:10)
  A hornet (D:11)
  The ghost of turdburglar the Cutter, an amateur VSFi (D:3)
  A vampire (D:9)
  2 wyverns
  A wraith (D:11)
  6 yaks (D:10)
  2 vampire mosquitoes (D:10)
  A steam dragon (D:10)
  3 wargs (D:9)
  Edmund (D:4)
  An acid dragon (D:9)
  4 orc warriors
  2 ice beasts
  3 ogres
  3 centaurs
  A phantom (D:5)
  3 bullfrogs
  3 kobold brigands
  3 scorpions
  A gnoll sergeant (D:8)
  6 wights
  11 killer bees
  A howler monkey (D:6)
  3 gnoll boudas
  2 hounds
  3 jellies
  8 orc priests
  Natasha (thrice) (D:3)
  3 iguanas
  7 orc wizards
  17 gnolls
  7 adders
  A shadow imp (D:7)
  3 white imps (D:6)
  3 ufetubi
  A worm (D:2)
  3 dart slugs
  25 orcs
  A bat (D:2)
  5 endoplasms
  A giant cockroach (D:1)
  8 goblins
  11 hobgoblins
  2 jackals (D:4)
  22 kobolds
  5 quokkas
  5 ball pythons
  2 frilled lizards
  4 rats
223 creatures vanquished.

Vanquished Creatures (collateral kills)
  An ogre (D:4)
1 creature vanquished.

Grand Total: 224 creatures vanquished

Notes
Turn   | Place    | Note
-------+----------+-------------------------------------------
     0 | D:1      | cdecastro the Draconian Transmuter began the quest for the
                  | Orb.
     0 | D:1      | Reached XP level 1. HP: 16/16 MP: 3/3
   141 | D:1      | Reached XP level 2. HP: 21/23 MP: 3/5
   882 | D:2      | Found a stormy altar of Qazlal.
   936 | D:2      | Found Qafas's Antique Armour Shoppe.
  1005 | D:2      | Reached XP level 3. HP: 27/28 MP: 4/6
  1048 | D:2      | Found a faded altar of an unknown god.
  1178 | D:2      | Reached skill level 3 in Transmutations
  1524 | D:2      | Learned a level 2 spell: Wereblood
  1550 | D:2      | Prayed at the altar of an unknown god.
  1550 | D:2      | Became a worshipper of Nemelex Xobeh the Trickster
  1550 | D:2      | Reached * piety under Nemelex Xobeh
  1741 | D:3      | Received a gift from Nemelex Xobeh
  1742 | D:3      | Found a runed translucent gate.
  1742 | D:3      | Found a runed translucent gate.
  1743 | D:3      | Found a runed translucent gate.
  1743 | D:3      | Noticed a kobold brigand
  1744 | D:3      | Noticed turdburglar's ghost (amateur VSFi)
  1803 | D:3      | Noticed Natasha
  1811 | D:3      | Killed Natasha
  1812 | D:3      | Reached XP level 4. HP: 27/35 MP: 5/7
  1814 | D:3      | Noticed Natasha
  1827 | D:3      | Killed Natasha
  2194 | D:3      | Noticed Natasha
  2210 | D:3      | Killed Natasha
  2211 | D:3      | Reached XP level 5. HP: 40/40 MP: 8/8
  2240 | D:3      | Reached skill level 4 in Transmutations
  2250 | D:3      | Reached skill level 5 in Unarmed Combat
  2336 | D:3      | Found Runyhown's Magic Scroll Shoppe.
  2340 | D:3      | Bought a scroll of identify for 24 gold pieces
  2538 | D:4      | Noticed an ogre
  2557 | D:4      | Killed an ogre
  2558 | D:4      | Reached XP level 6. HP: 47/47 MP: 7/9
  2591 | D:4      | Reached skill level 5 in Transmutations
  2666 | D:4      | Found a sparkling altar of Nemelex Xobeh.
  2790 | D:4      | Reached ** piety under Nemelex Xobeh
  2790 | D:4      | Received a gift from Nemelex Xobeh
  2825 | D:4      | Learned a level 3 spell: Spider Form
  2955 | D:4      | Noticed Edmund
  2980 | D:4      | Killed Edmund
  3248 | D:4      | Your scales start taking on a dull iron-grey colour.
  3248 | D:4      | Reached XP level 7. HP: 38/52 MP: 2/10
  3313 | D:4      | Learned a level 4 spell: Ice Form
  3314 | D:5      | Entered Level 5 of the Dungeon
  3339 | D:5      | Found a broken altar of Ashenzari.
  3595 | D:5      | Found Mefovouq's Weapon Emporium.
  3666 | D:5      | Noticed a two-headed ogre
  3783 | D:6      | Reached skill level 6 in Transmutations
  3986 | D:6      | Reached XP level 8. HP: 66/66 MP: 9/11
  4008 | D:6      | Found Qookhah's Antique Weapon Shoppe.
  4185 | D:6      | Found a staircase to the Ecumenical Temple.
  4276 | D:6      | Received a gift from Nemelex Xobeh
  4282 | D:6      | Noticed Pikel
  4293 | D:6      | Killed Pikel
  4294 | D:6      | Reached skill level 5 in Fighting
  4294 | D:6      | Reached skill level 7 in Transmutations
  4372 | D:6      | Reached skill level 8 in Transmutations
  4424 | D:6      | Found Weazxab's Assorted Antiques.
  4429 | D:6      | Bought a fizzy pink potion for 22 gold pieces
  4429 | D:6      | Bought a scroll labelled FUTUOMAZ RUSCH for 25 gold pieces
  4429 | D:6      | Bought a scroll labelled IREIDA XAIMANT for 25 gold pieces
  4429 | D:6      | Bought a scroll labelled IREIDA XAIMANT for 25 gold pieces
  4429 | D:6      | Bought a scroll labelled FUPARR MEFEF for 25 gold pieces
  4429 | D:6      | Bought a scroll of identify for 50 gold pieces
  4489 | D:6      | Found Defugha's Book Boutique.
  4699 | D:6      | Found Ollyupt's Jewellery Boutique.
  4803 | Temple   | Entered the Ecumenical Temple
  5196 | D:7      | Identified the +1 cloak of the Dragon {Dex+2}
  5205 | D:7      | Reached XP level 9. HP: 46/78 MP: 12/12
  5539 | D:7      | Reached *** piety under Nemelex Xobeh
  6104 | D:8      | Reached skill level 9 in Transmutations
  7295 | D:9      | Noticed a two-headed ogre
  7344 | D:9      | Reached skill level 10 in Transmutations
  7454 | D:9      | Reached **** piety under Nemelex Xobeh
  7486 | D:9      | Killed a two-headed ogre
  7487 | D:9      | Reached XP level 10. HP: 54/88 MP: 12/16
  7596 | D:9      | Found an ornate altar of the Wu Jian Council.
  8089 | D:9      | Found a staircase to the Lair.
  8317 | D:9      | Reached skill level 11 in Transmutations
  8655 | D:9      | Learned a level 5 spell: Yara's Violent Unravelling
  8676 | D:10     | Entered Level 10 of the Dungeon
  8847 | D:10     | Received a gift from Nemelex Xobeh
  8869 | D:10     | Found an iron altar of Okawaru.
  8877 | D:10     | Found an opulent altar of Gozag.
  8882 | D:10     | Found a burning altar of Makhleb.
  8889 | D:10     | Found a shimmering altar of Xom.
  8895 | D:10     | Found a stormy altar of Qazlal.
  8906 | D:10     | Found an ancient bone altar of Kikubaaqudgha.
  8914 | D:10     | Found a glowing silver altar of Zin.
  9097 | D:10     | Reached skill level 5 in Invocations
  9221 | D:10     | Found Juadghoo's Magic Scroll Shop.
  9330 | D:10     | Bought a scroll of teleportation for 48 gold pieces
  9330 | D:10     | Bought a scroll of fog for 64 gold pieces
  9722 | D:3      | Killed turdburglar's ghost
  9800 | D:3      | Bought a scroll of poison for 48 gold pieces
  9800 | D:3      | Bought a scroll of blinking for 90 gold pieces
  9867 | D:5      | Reached ***** piety under Nemelex Xobeh
  9869 | D:5      | Received a gift from Nemelex Xobeh
  9890 | D:5      | Killed a two-headed ogre
  9891 | D:5      | Reached skill level 12 in Transmutations
 10504 | D:11     | Noticed a cyclops
 10535 | D:10     | Reached XP level 11. HP: 46/94 MP: 12/17
 10974 | D:11     | Noticed a two-headed ogre
 10980 | D:11     | Killed a two-headed ogre
 11405 | D:11     | Received a gift from Nemelex Xobeh
 11579 | D:11     | Found a radiant altar of Vehumet.
 11835 | D:12     | Noticed Rupert
 11840 | D:12     | Received a gift from Nemelex Xobeh
 11840 | D:12     | Noticed Frances
 12046 | D:12     | Slain by Rupert

Illustrated notes

Levels and vault maps discovered:
D:1:      evilmike_arrival_plus, layout_basic, palyth_stone_intersect
D:2:      layout_basic, serial_shops, nicolae_shop_statue_plus,
          hellmonk_ecumenical_altar_crossroads, basic_altar
D:3:      layout_basic, gammafunk_ghost_nasty_kobolds, serial_shops,
          nicolae_shop_just_a_little_nook, uniq_natasha
D:4:      layout_rooms, nemelex_diamond_rough_becter, kennysheep_nub,
          uniq_edmund
D:5:      layout_basic, nicolae_ashenzari_panopticon, serial_shops,
          nicolae_stop_n_shop_1, minmay_misc_feat_nine_boxes,
          grunt_ministairs_8, grunt_decor_one_mirror
D:6:      layout_loops_ring, minmay_temple_entry_offerings, serial_shops, shop,
          nicolae_lakefront_shop, shop, shop, kennysheep_nondescript, uniq_pikel
D:7:      layout_gridville
D:8:      layout_cave_pools, minivault_21
D:9:      layout_roguey, mainiacjoe_overflow_chevrons,
          erik_lair_orcish_takeover, nicolae_concentric_dashed_squares_wild,
          serial_bayou_pond_d, hex_tiny
D:10:     layout_roguey, grunt_temple_overflow_octagram, serial_shops, shop
D:11:     layout_roguey, vehumet_crystals
D:12:     layout_roguey, david_orc_4, uniq_rupert, uniq_azrael, uniq_frances
Temple:   hellmonk_temple_flake

Skill      XL: |  1  2  3  4  5  6  7  8  9 10 11 |
---------------+----------------------------------+-----
Transmutations | 3 4 5 6 8 10 12 | 12.7
Unarmed Combat | 4 5 6 |  6.2
Fighting       | 3 6 8 |  8.0
Spellcasting   | 4 |  4.0
Invocations    | 2 7 8 |  8.4
Dodging        | |  1.7

Action                     |  1- 3 |  4- 6 |  7- 9 | 10-12 || total
---------------------------+-------+-------+-------+-------++-------
  Melee: Unarmed           |   102 |    89 |   326 |   287 ||   804
         Kick              |    22 |    12 |    88 |    10 ||   132
         Tailslap          |    11 |     8 |    37 |    10 ||    66
         Headbutt          |    13 |    13 |    48 |     4 ||    78
         Punch             |     1 |     1 |    10 |     3 ||    15
   Cast: Beastly Appendage |    34 |    13 |    26 |     3 ||    76
         Wereblood         |       |     4 |    13 |    11 ||    28
         Spider Form       |       |     3 |     6 |     1 ||    10
         Ice Form          |       |       |       |    20 ||    20
 Invoke: Draw Destruction  |       |     1 |     1 |     2 ||     4
         Draw Summoning    |       |     1 |       |       ||     1
    Use: Scroll            |       |     2 |     4 |     8 ||    14
         Potion            |       |       |     2 |     2 ||     4
 Armour: Skin              |    25 |    20 |   150 |   107 ||   302
  Dodge: Dodged            |    62 |    50 |   232 |   138 ||   482
